 Dungeon Crawl Stone Soup version 0.31-a0-654-gbe3e110b4e (webtiles) character file.

Game seed: 1118333991014996550

3 wvc the Chopper (level 1, -3/18 HPs)
             Began as a Human Cinder Acolyte on Aug 29, 2023.
             Was a High Priest of Ignis.
             Slain by a kobold
             ... wielding a +0 whip
              (5 damage)
             ... on level 1 of the Dungeon.
             The game lasted 00:01:31 (30 turns).

wvc the Chopper (Human Cinder Acolyte)                Turns: 30, Time: 00:01:33

Health: -3/18      AC:  2    Str: 14    XL:     1   Next: 55%
Magic:  2/2        EV: 11    Int: 14    God:    Ignis [*****.]
Gold:   0          SH:  0    Dex:  8    Spells: 2/2 levels left

rFire   + . .        a - -1 hand axe (flame)
rCold   . . .        (no shield)
rNeg    . . .        b - +0 robe
rPois   .            (no helmet)
rElec   .            (no cloak)
rCorr   .            (no gloves)
SInv    .            (no boots)
Will    .....        (no amulet)
Stlth   +            (no ring)
HPRegen 0.23/turn    (no ring)
MPRegen 0.08/turn

%: no passive effects
@: no status effects
A: no striking features
a: Renounce Religion, Fiery Armour, Foxfire Swarm, Rising Flame


You were on level 1 of the Dungeon.
You worshipped Ignis.
Ignis was extremely pleased with you.
You visited 1 branch of the dungeon, and saw 1 of its levels.

Inventory:

Hand Weapons
 a - a -1 hand axe of flaming (weapon)
Armour
 b - a +0 robe (worn)
Scrolls
 c - a scroll of fog {unknown}


   Skills:
 - Level 3.0 Fighting
 + Level 3.2 Axes
 - Level 1.0 Spellcasting
 - Level 3.0 Fire Magic


You had 2 spell levels left.
You didn't know any spells.
Your spell library contained the following spells:

 Spells                   Type           Power      Damage    Failure   Level
 Scorch                   Fire           18%        2d5       12%         2


Dungeon Overview and Level Annotations

Branches:
Dungeon (1/15)

Altars:


Message History

You hear a shout!
The ball python moves out of view.
A hobgoblin comes into view.
A kobold comes into view. It is wielding a +0 whip.
Found a ring mail.
The kobold shouts!
You hear a shout!
You hit the ball python but do no damage.
The ball python bites you. The ball python grabs you.
The ball python constricts you.
A kobold comes into view. It is wielding a +0 whip.
You hit the ball python. You burn the ball python.
The ball python is severely wounded.
You closely miss the frilled lizard.
The ball python bites you but does no damage.
The ball python constricts you.
A quokka comes into view.
The frilled lizard bites you.
You hit the ball python. You burn the ball python.
You kill the ball python!
You hit the frilled lizard. You burn the frilled lizard.
You kill the frilled lizard!
You hit the hobgoblin but do no damage. The hobgoblin hits you.
You hit the quokka. You burn the quokka. Your punch misses the quokka.
The quokka is heavily wounded.
You barely miss the hobgoblin. The quokka bites you. The hobgoblin hits you.
You are too injured to fight recklessly!
You are too injured to fight recklessly!
You hit the hobgoblin. You burn the hobgoblin.
The hobgoblin is heavily wounded.
You hit the quokka. You burn the quokka.
You kill the quokka!
The hobgoblin hits you.
* * * LOW HITPOINT WARNING * * *
You hit the hobgoblin but do no damage.
The hobgoblin is heavily wounded.
You hit the kobold but do no damage. The hobgoblin closely misses you.
The kobold closely misses you. The hobgoblin hits you.
* * * LOW HITPOINT WARNING * * *
The kobold hits you with a +0 whip.
You die...

.~~P#.#♣~~##..# ..#
.~♣##.##P~###.##.#
#### . #...###.......#
..[. ########.......#
..... ...............#
.....
########.......#......
#.......#..)...
#.......K......
#......@gK.....
#####...#...... #...#
..... .....# ....
#.....# ### #.....#
#.....# #.....#


You could see a hobgoblin and 2 kobolds.

Vanquished Creatures
  A ball python (D:1)
  A quokka (D:1)
  A frilled lizard (D:1)
3 creatures vanquished.

Notes
Turn   | Place    | Note
-------+----------+-------------------------------------------
     0 | D:1      | wvc the Human Cinder Acolyte began the quest for the Orb.
     0 | D:1      | Reached XP level 1. HP: 18/18 MP: 2/2
    30 | D:1      | Slain by a kobold

Illustrated notes

Levels and vault maps discovered:
D:1:      sevenhm_arrival_forest_fort_small_4, layout_basic,
          ebering_ecumenical_altar_abandoned, serial_park_tiny_1

Action                     || total
---------------------------++-------
  Melee: Hand axe          ||     7
 Armour: Robe              ||     1
  Dodge: Dodged            ||     2

Table legend: (Time is in decaauts)
 A = Elapsed time spent in this place.
 B = Non-inter-level travel time spent in this place.
 C = Inter-level travel time spent in this place.
 D = Time resting spent in this place.
 E = Time spent auto-exploring this place.
 F = Levels seen in this place.
 G = Mean time per level.
                   A        B        C        D        E       F      G
               +--------+--------+--------+--------+--------+-----+--------+
         Total |     33 |     33 |      0 |      0 |     22 |   1 |   33.0 |
       Dungeon |     33 |     33 |      0 |      0 |     22 |   1 |   33.0 |
               +--------+--------+--------+--------+--------+-----+--------+

Top non-repeatable levels by time:
     D:1: 33 daAuts
